 Dungeon Crawl Stone Soup version 0.18.1-48-g4cf74bf (webtiles) character file.

287 sarahorange the Chucker (level 6, 0/57 HPs)
             Began as a Troll Hunter on July 16, 2016.
             Killed from afar by an orc wizard (12 damage)
             ... with a puff of flame
             ... on level 3 of the Dungeon.
             The game lasted 00:11:56 (2164 turns).

sarahorange the Chucker (Troll Hunter)              Turns: 2164, Time: 00:11:57

Health: 0/57       AC:  7    Str: 22    XL:     6   Next: 8%
Magic:  5/5        EV: 10    Int:  7    God:
Gold:   102        SH:  0    Dex: 11    Spells: 0 memorised, 5 levels left

rFire  . . .     SeeInvis .       - Unarmed
rCold  + . .     Gourm    +     y - +2 robe {MR+}
rNeg   + . .     Faith    .     (no shield)
rPois  .         Spirit   .     (helmet restricted)
rElec  .         Dismiss  .     (no cloak)
rCorr  .         Reflect  .     (gloves unavailable)
SustAt .         Harm     .     (boots unavailable)
MR     +....                    (no amulet)
Stlth  +.........               n - ring of protection from cold
                                m - ring of positive energy

@: lethally poisoned (0 -> -1), somewhat resistant to hostile enchantments, very
unstealthy
A: unfitting armour, claws 3, fast metabolism 3, gourmand, regeneration 2,
shaggy fur 1, tough skin 2
a: no special abilities


You were on level 3 of the Dungeon.
You were very full.

You visited 1 branch of the dungeon, and saw 3 of its levels.

You collected 102 gold pieces.

Inventory:

Hand Weapons
 a - a +0 short sword
 g - a +0 hunting sling
Missiles
 o - 75 stones (quivered)
 u - 4 javelins
Armour
 y - a +2 robe of magic resistance (worn)
Jewellery
 m - a ring of positive energy (left claw)
 n - a ring of protection from cold (right claw)
 s - an uncursed ring of magical power {unknown}
Scrolls
 c - a scroll of enchant weapon {unknown}
 d - a scroll of remove curse {unknown}
 h - 5 scrolls of recharging {unknown}
 q - 2 scrolls of amnesia {unknown}
 t - a scroll of teleportation {unknown}
 v - a scroll of blinking {unknown}
Potions
 e - a potion of mutation {unknown}
 i - a potion of degeneration {unknown}
 j - a potion of curing {unknown}
 p - a potion of experience {unknown}
 r - a potion of lignification {unknown}
 x - 2 potions of cure mutation {unknown}
Comestibles
 f - 2 bread rations
 l - 4 meat rations
 w - a beef jerky


   Skills:
 + Level 2.2 Fighting
 + Level 5.5 Throwing
 + Level 2.5 Dodging
 + Level 1.0 Stealth
 + Level 1.8 Unarmed Combat


You had 5 spell levels left.
You didn't know any spells.

Dungeon Overview and Level Annotations

Branches:
Dungeon (3/15)

Altars:


Innate Abilities, Weirdness & Mutations

You are too large for most types of armour.
You have claws for hands.
Your metabolism is lightning-fast.
You like to eat raw meat.
You heal very quickly.
You are covered in fur (AC +1).
You have very tough skin (AC +2).


Message History

You scratch something. Something hits you but does no damage.
You closely miss something.
You hear some strange, mumbled words.
A puff of flame appears from out of thin air!
The puff of flame misses you. Something hits you but does no damage.
You barely miss something. Something hits you but does no damage.
You miss something. Something hits you but does no damage.
You barely miss something.
You feel sick. Something hits you. x2
* * * LOW HITPOINT WARNING * * *
You barely miss something. Something hits you but does no damage.
You barely miss something.
You hear some strange, mumbled words.
A puff of frost appears from out of thin air!
The puff of frost hits you! You resist.
* * * LOW HITPOINT WARNING * * *
Something hits you but does no damage.
You hear some strange, mumbled words.
A puff of flame appears from out of thin air!
The puff of flame hits you!
You die...

.....# #.# #..### #.# ...#
##.## #'## ##...## ...##
##.#.#.## ....## #.##....#
.....####.#.#..## # #
......####......######.#(..#
......'.....###.@.{(.)(.(..(
......####..# #^######.#...#
.....## ##.# #.# # # ....##
#.....# ...## ###.### #+#
#.# # #


There were no monsters in sight!

Vanquished Creatures
  The ghost of Monsterface the Charmwright, a weakling HOSk (D:3)
  An orc wizard (D:3)
  An orc priest (D:3)
  Jessica (D:3)
  7 gnolls (D:2)
  3 adders
  An ooze (D:2)
  3 dart slugs (D:2)
  2 giant geckos
  7 orcs (D:3)
  A ball python (D:3)
  3 giant cockroaches (D:2)
  3 goblins
  3 hobgoblins (D:2)
  8 kobolds
  8 bats
  7 rats
  A plant (D:1)
61 creatures vanquished.

Notes
Turn   | Place    | Note
--------------------------------------------------------------
     0 | D:1      | sarahorange the Troll Hunter began the quest for the Orb.
     0 | D:1      | Reached XP level 1. HP: 19/19 MP: 0/0
   326 | D:1      | Reached XP level 2. HP: 21/27 MP: 1/1
   327 | D:1      | Reached skill level 4 in Throwing
   993 | D:2      | Reached XP level 3. HP: 14/35 MP: 2/2
  1182 | D:2      | Reached XP level 4. HP: 42/42 MP: 3/3
  1383 | D:2      | Reached skill level 5 in Throwing
  1458 | D:2      | Reached skill level 1 in Unarmed Combat
  1818 | D:3      | Noticed Jessica
  1821 | D:3      | Killed Jessica
  1821 | D:3      | Reached XP level 5. HP: 49/49 MP: 4/4
  2030 | D:3      | Noticed Monsterface's ghost (weakling HOSk)
  2039 | D:3      | Killed Monsterface's ghost
  2039 | D:3      | Reached skill level 1 in Stealth
  2112 | D:3      | Reached XP level 6. HP: 57/57 MP: 5/5
  2164 | D:3      | Killed from afar by an orc wizard

Skill      XL: |  1  2  3  4  5 |
---------------+----------------+-----
Throwing       | 4 5 |  5.5
Dodging        | 2 |  2.5
Unarmed Combat | 1 |  1.8
Fighting       | 2 |  2.2
Stealth        | 1 |  1.0

Action                   |  1- 3 |  4- 6 || total
-------------------------+-------+-------++-------
Melee: Unarmed           |    60 |    68 ||   128
Throw: Large rock        |    22 |    39 ||    61
       Throwing net      |     3 |     1 ||     4
       Stone             |       |    18 ||    18
  Eat: Chunk             |    15 |    10 ||    25
Armor: Robe              |    16 |    33 ||    49
Dodge: Dodged            |    19 |    34 ||    53
